 Dungeon Crawl Stone Soup version 0.20.1-1-g8b1a95d (webtiles) character file.

121 empire the Chiller (level 4, 0/24 HPs)
             Began as a Deep Elf Ice Elementalist on Oct 4, 2017.
             Slain by a killer bee zombie (1 damage)
             ... on level 3 of the Dungeon on Oct 6, 2017.
             The game lasted 00:08:02 (2510 turns).

empire the Chiller (Deep Elf Ice Elementalist)      Turns: 2510, Time: 00:08:04

Health: 0/24       AC:  8    Str:  5    XL:     4   Next: 76%
Magic:  0/10       EV: 13    Int: 21    God:
Gold:   184        SH:  0    Dex: 15    Spells: 3/9 levels left

rFire    + . .     SeeInvis .   b - +0 dagger (venom)
rCold    . . .     Gourm    .   (no shield)
rNeg     . . .     Faith    .   w - +0 robe {rF+}
rPois    .         Spirit   .   (no helmet)
rElec    .         Reflect  .   (no cloak)
rCorr    .         Harm     .   (no gloves)
MR       .....                  (no boots)
Stlth    ++........             (no amulet)
Regen    0.1/turn               (no ring)
MPRegen  0.2/turn               (no ring)

@: icy armour, slow
A: no striking features
a: no special abilities


You were on level 3 of the Dungeon.
You were not hungry.

You visited 1 branch of the dungeon, and saw 3 of its levels.

You collected 184 gold pieces.

Inventory:

Hand Weapons
 a - a +0 short sword
 b - a +0 dagger of venom (weapon)
Armour
 w - a +0 robe of fire resistance (worn)
Jewellery
 u - an uncursed amulet of the gourmand {unknown}
Scrolls
 e - 2 scrolls of enchant armour {unknown}
 h - 2 scrolls of recharging
 i - a scroll of blinking {unknown}
 l - a scroll of magic mapping {unknown}
 m - 2 scrolls of random uselessness {unknown}
 n - 3 scrolls of remove curse {unknown}
 r - 2 scrolls of teleportation {unknown}
 s - a scroll of amnesia {unknown}
 t - a scroll of identify {unknown}
Potions
 f - a potion of resistance {unknown}
 p - a potion of haste {unknown}
 q - a potion of mutation {unknown}
Books
 v - a book of Frost

   Spells                             Type                      Level
   a - Freeze                         Ice                          1
   b - Throw Frost                    Conjuration/Ice              2
   c - Ozocubu's Armour               Charms/Ice                   3
   d - Throw Icicle                   Conjuration/Ice              4
   e - Summon Ice Beast               Ice/Summoning                4
Comestibles
 c - 3 bread rations
 d - 2 royal jellies
 g - 3 meat rations
 k - 5 chunks of flesh
 o - 5 fruits


   Skills:
 - Level 2.4 Dodging
 - Level 2.4 Stealth
 + Level 3.0 Spellcasting
 + Level 2.8 Conjurations
 + Level 2.3 Charms
 - Level 5.0 Ice Magic


You had 3 spell levels left.
You knew the following spells:

 Your Spells              Type           Power        Failure   Level  Hunger
a - Freeze                Ice            ###.         1%          1    None
b - Ozocubu's Armour      Chrm/Ice       ###.....     9%          3    ###....
c - Throw Frost           Conj/Ice       ###...       4%          2    ##.....


Dungeon Overview and Level Annotations

Branches:
Dungeon (3/15)

Altars:
The Shining One


Message History

Press: ? - help, Shift-Dir - straight line, f/p - killer bee zombie
Aim: a killer bee zombie (moderately damaged)
The puff of frost hits the killer bee zombie.
The killer bee zombie completely resists.
The killer bee zombie is moderately damaged.
The killer bee zombie hits you.
* * * LOW HITPOINT WARNING * * *
The killer bee zombie hits you.
* * * LOW HITPOINT WARNING * * *
You closely miss the killer bee zombie.
The killer bee zombie is moderately damaged.
The killer bee zombie hits you but does no damage.
The killer bee zombie completely misses you.
As you read the scroll labeled GUOSES UDGHU, it crumbles to dust.
It is a scroll of recharging.
You aren't carrying any rechargeable items.
The killer bee zombie hits you but does no damage.
The killer bee zombie misses you. The killer bee zombie hits you.
You die...

#.............#
#.........[...#
#.............#
#.............#
#.............#
###.............##
#.'.[....⌠......'.
#.#)............#)
#@#.............#.
#Z#.............#.
####g#.............##
##....#...[.........#
##...###.............#
#.....g###############
##...#.......
##.##....... #.
....... .#..##


You could see a killer bee zombie and a hobgoblin.

Vanquished Creatures
  An orc wizard (D:3)
  2 adders
  2 dart slugs
  3 leopard geckos
  7 orcs (D:3)
  7 bats
  2 giant cockroaches
  5 goblins
  7 hobgoblins
  2 quokkas (D:3)
  2 ball pythons
  2 frilled lizards
  12 kobolds
  6 rats
60 creatures vanquished.

Notes
Turn   | Place    | Note
-------+----------+-------------------------------------------
     0 | D:1      | empire the Deep Elf Ice Elementalist began the quest for the Orb.
     0 | D:1      | Reached XP level 1. HP: 10/10 MP: 6/6
   393 | D:1      | Reached skill level 4 in Ice Magic
   393 | D:1      | Reached XP level 2. HP: 10/15 MP: 5/8
  1258 | D:2      | Reached XP level 3. HP: 15/19 MP: 5/9
  1263 | D:2      | Learned a level 3 spell: Ozocubu's Armour
  1266 | D:2      | Learned a level 2 spell: Throw Frost
  1334 | D:2      | Reached skill level 1 in Charms
  1658 | D:2      | Found a glowing golden altar of the Shining One.
  2021 | D:3      | Reached XP level 4. HP: 12/24 MP: 5/10
  2052 | D:3      | Reached skill level 5 in Ice Magic
  2507 | D:3      | HP: 1/24 [killer bee zombie (6)]
  2510 | D:3      | Slain by a killer bee zombie

Skill      XL: |  1  2  3  4 |
---------------+-------------+-----
Ice Magic      | 4 5 |  5.0
Charms         | 2 |  2.3
Conjurations   | 2 |  2.8
Dodging        | |  2.4
Stealth        | |  2.4
Spellcasting   | |  3.0

Action                   |  1- 3 |  4- 6 || total
-------------------------+-------+-------++-------
Melee: Unarmed           |     8 |       ||     8
       Short sword       |    36 |     1 ||    37
       Dagger            |       |    59 ||    59
 Cast: Freeze            |    46 |    14 ||    60
       Throw Frost       |     1 |     2 ||     3
       Ozocubu's Armour  |       |     2 ||     2
  Use: Potion            |       |     3 ||     3
       Scroll            |       |     1 ||     1
 Stab: Sleeping          |     4 |       ||     4
  Eat: Chunk             |     3 |     2 ||     5
Armor: Robe              |    20 |    14 ||    34
Dodge: Dodged            |    72 |    62 ||   134
